 Dungeon Crawl Stone Soup version 0.24.0-41-g2ae2f7f1be (webtiles) character file.

Game seed: 17790846156341818794, levelgen mode: deterministic

154 Kobolds4U the Conjurer (level 5, -11/28 HPs)
             Began as a Deep Elf Conjurer on Dec 14, 2019.
             Killed by divine providence
             ... invoked by an orc priest
              (14 damage)
             ... on level 4 of the Dungeon.
             The game lasted 00:04:06 (1767 turns).

Kobolds4U the Conjurer (Deep Elf Conjurer)          Turns: 1767, Time: 00:04:07

Health: -11/28     AC:  2    Str:  6    XL:     5   Next: 13%
Magic:  11/11      EV: 13    Int: 20    God:
Gold:   107        SH:  0    Dex: 15    Spells: 0/10 levels left

rFire    . . .     SeeInvis .   k - +0 dagger
rCold    . . .     Gourm    .   (no shield)
rNeg     . . .     Faith    .   a - +0 robe
rPois    .         Spirit   .   (no helmet)
rElec    .         Reflect  .   (no cloak)
rCorr    .         Harm     .   (no gloves)
MR       .....                  (no boots)
Stlth    ++........             (no amulet)
HPRegen  0.09/turn              i - ring of flight
MPRegen  0.12/turn              (no ring)

@: no status effects
A: no striking features
a: Evoke Flight


You were on level 4 of the Dungeon.
You were not hungry.

You visited 1 branch of the dungeon, and saw 3 of its levels.

You collected 107 gold pieces.

Inventory:

Hand Weapons
 k - a +0 dagger (weapon)
 o - a +0 rapier
Armour
 a - a +0 robe (worn)
 p - the +4 robe of Qafezar {+Inv rPois Str+4 Dex-4, unknown}
   (You found it on level 4 of the Dungeon)

   It affects your strength (+4).
   It affects your dexterity (-4).
   It protects you from poison.
   It lets you turn invisible.
Jewellery
 i - a ring of flight (left hand)
Scrolls
 b - a scroll of amnesia {unknown}
 e - 3 scrolls of remove curse {unknown}
 f - a scroll of blinking {unknown}
 h - a scroll of fear {unknown}
 n - a scroll of identify {unknown}
Potions
 d - a potion of agility {unknown}
 g - a potion of heal wounds {unknown}
 j - a potion of degeneration {unknown}
 l - a potion of flight {unknown}
 m - a potion of mutation {unknown}
Comestibles
 c - 7 rations


   Skills:
 - Level 2.4 Dodging
 - Level 2.4 Stealth
 - Level 3.0 Spellcasting
 + Level 7.1 Conjurations


You couldn't memorise any spells.
You knew the following spells:

 Your Spells              Type           Power        Failure   Level  Hunger
a - Magic Dart            Conj           ####         1%          1    None
b - Searing Ray           Conj           ####..       1%          2    ##.....
c - Dazzling Spray        Conj/Hex       ###...       10%         3    ###....
d - Fulminant Prism       Conj/Hex       ###.......   32%         4    ####...

Your spell library contained the following spells:

 Spells                   Type           Power        Failure   Level  Hunger
 Iskenderun's Mystic Bla  Conj           ####....     8%          4    ####...
 Force Lance              Conj/Tloc      ###.....     32%         4    ####...


Dungeon Overview and Level Annotations

Branches:
Dungeon (2/15)             Temple (0/1) D:4

Altars:
Sif Muna


Message History

An adder skeleton comes into view.
An orc comes into view.
The orc shouts!
An ogre comes into view. It is wielding a +0 giant spiked club.
The ogre shouts!
Found a scale mail.
You see here a fabulously ornate robe.
p - a fabulously ornate robe The ogre hits you with a +0 giant spiked club!!
Ouch! That really hurt!
* * * LOW HITPOINT WARNING * * *
The orc priest looks braver for a moment.
The orc priest miscasts a cantrip.
Casting: Magic Dart (safe; 1% risk of failure)
Confirm with . or Enter, or press ? or * to list all spells.
Okay, then.
The orc priest invokes the aid of Beogh against you.
Beogh smites you!
Ouch! That really hurt!
You die...

##.......#
.........#
..........
#.......#
##.......#
.........#
#.......# #@# #O#
#Z# #.# # #o# . #.
#.#
.#..#.###o#####.#
....§≈≈..oo.......
#..≈≈§≈≈.#...###..


You could see an ogre, 2 orc priests, 2 orcs and an adder skeleton.

Vanquished Creatures
  A crimson imp (D:2)
  Jessica (D:2)
  3 adders (D:2)
  An ooze (D:2)
  3 worms (D:2)
  2 dart slugs (D:1)
  4 leopard geckos (D:1)
  3 giant cockroaches
  8 goblins
  6 hobgoblins
  5 bats
  2 frilled lizards (D:1)
  5 kobolds
  4 rats (D:1)
48 creatures vanquished.

Notes
Turn   | Place    | Note
-------+----------+-------------------------------------------
     0 | D:1      | Kobolds4U the Deep Elf Conjurer began the quest for the
                  | Orb.
     0 | D:1      | Reached XP level 1. HP: 10/10 MP: 6/6
   198 | D:1      | Reached XP level 2. HP: 15/15 MP: 4/8
   199 | D:1      | Reached skill level 5 in Conjurations
   203 | D:1      | Learned a level 2 spell: Searing Ray
   725 | D:1      | Reached XP level 3. HP: 19/19 MP: 6/9
   959 | D:2      | Reached skill level 6 in Conjurations
   959 | D:2      | Reached XP level 4. HP: 24/24 MP: 6/10
  1020 | D:2      | Learned a level 3 spell: Dazzling Spray
  1163 | D:2      | Found a shimmering blue altar of Sif Muna.
  1247 | D:2      | Noticed Jessica
  1250 | D:2      | Killed Jessica
  1446 | D:2      | Reached skill level 7 in Conjurations
  1446 | D:2      | Reached XP level 5. HP: 28/28 MP: 2/11
  1527 | D:2      | Learned a level 4 spell: Fulminant Prism
  1744 | D:2      | You fall into a shaft and drop 2 floors!
  1746 | D:4      | Found a staircase to the Ecumenical Temple.
  1752 | D:4      | Noticed an ogre
  1755 | D:4      | Got a fabulously ornate robe
  1755 | D:4      | HP: 1/28 [ogre/+0 giant spiked club (27)]
  1767 | D:4      | Killed from afar by an orc priest

Levels and vault maps discovered:
D:1:      zaba_arrival_water, layout_basic, hangedman_glass_garden
D:2:      layout_basic, led_sif_pool, minmay_tripent, uniq_natasha, uniq_jessica
D:4:      layout_basic, chequers_temple_overflow_statue_of_worship,
          minmay_temple_entry_mist, uniq_duvessa, uniq_menkaure

Skill      XL: |  1  2  3  4 |
---------------+-------------+-----
Conjurations   | 5 6 7 |  7.1
Dodging        | |  2.4
Stealth        | |  2.4
Spellcasting   | |  3.0

Action                   |  1- 3 |  4- 6 || total
-------------------------+-------+-------++-------
Melee: Unarmed           |     2 |       ||     2
       Dagger            |     2 |    14 ||    16
 Cast: Magic Dart        |    39 |    39 ||    78
       Searing Ray       |     3 |     1 ||     4
 Stab: Sleeping          |     2 |       ||     2
  Eat: Chunk             |       |     3 ||     3
Armor: Robe              |     1 |     2 ||     3
Dodge: Dodged            |    11 |    15 ||    26
